 Dungeon Crawl Stone Soup version 0.22-a0-305-gd21a89c (webtiles) character file.

14 vishdafish the Vexing (level 2, -3/27 HPs)
             Began as an Ogre Arcane Marksman on Mar 28, 2018.
             Slain by a kobold
             ... wielding a +0 whip
              (7 damage)
             ... on level 1 of the Dungeon.
             The game lasted 00:01:07 (446 turns).

vishdafish the Vexing (Ogre Arcane Marksman)         Turns: 446, Time: 00:01:08

Health: -3/27      AC:  3    Str: 13    XL:     2   Next: 45%
Magic:  3/3        EV: 10    Int: 14    God:
Gold:   18         SH:  0    Dex:  9    Spells: 2/3 levels left

rFire    . . .     SeeInvis .   j - +0 dagger
rCold    . . .     Gourm    .   (no shield)
rNeg     . . .     Faith    .   a - +0 robe
rPois    .         Spirit   .   (helmet restricted)
rElec    .         Reflect  .   (no cloak)
rCorr    .         Harm     .   (gloves unavailable)
MR       .....                  (boots unavailable)
Stlth    +.........             (no amulet)
HPRegen  0.09/turn              (no ring)
MPRegen  0.08/turn              (no ring)

@: no status effects
A: large, unfitting armour, tough skin 1
a: no special abilities


You were on level 1 of the Dungeon.
You were not hungry.

You visited 1 branch of the dungeon, and saw 1 of its levels.

You collected 18 gold pieces.

Inventory:

Hand Weapons
 b - a +0 club
 j - a +0 dagger (weapon)
Armour
 a - a +0 robe (worn)
Scrolls
 e - a scroll of identify {unknown}
 g - a scroll of enchant armour {unknown}
 h - a scroll of teleportation {unknown}
 i - a scroll of enchant weapon {unknown}
Comestibles
 f - 3 rations


   Skills:
 + Level 1.3 Fighting
 + Level 2.1 Throwing
 + Level 1.9 Dodging
 + Level 0.3 Unarmed Combat
 + Level 1.2 Spellcasting
 + Level 3.2 Hexes


You had 2 spell levels left.
You knew the following spells:

 Your Spells              Type           Power        Failure   Level  Hunger
a - Corona                Hex            #......      7%          1    ##.....


Dungeon Overview and Level Annotations

Branches:
Dungeon (1/15)

Altars:


Innate Abilities, Weirdness & Mutations

You are too large for most types of armour.
You have tough skin. (AC +1)


Message History

You kill the leopard gecko!
The kobold struggles against the net.
The net rips apart, and the kobold comes free!
Firing (i - inventory) No suitable missiles.
Press: ? - help, Shift-Dir - straight line, f/p - kobold
Aim: a kobold, wielding a whip
Okay, then.
You aren't carrying any potions.
The kobold hits you but does no damage.
Things that are here:
a large rock; a hobgoblin corpse
c - a large rock The kobold barely misses you.
Throwing (i - inventory)
c - a large rock (quivered)
Press: ? - help, Shift-Dir - straight line, f/p - kobold
Aim: a kobold, wielding a whip You throw a large rock.
The large rock closely misses the kobold.
The kobold hits you with a whip!
You die...

.. . .## ... .###..
...###.(..# ..........#
.......(..#.....
#........#....#
##........#....#
#....#K@..#....# ##
#.#....†..#....# #.
#...##..###....# #.
#.......###....# #.
...###.(.##....########.
. ##.).##............
###'###..........†.
#.........>........
#...........#######


You could see a kobold.

Vanquished Creatures
  A leopard gecko (D:1)
  A bat (D:1)
  2 goblins (D:1)
  2 hobgoblins (D:1)
  A jackal (D:1)
  4 kobolds (D:1)
11 creatures vanquished.

Notes
Turn   | Place    | Note
-------+----------+-------------------------------------------
     0 | D:1      | vishdafish the Ogre Arcane Marksman began the quest for the Orb.
     0 | D:1      | Reached XP level 1. HP: 19/19 MP: 2/2
   321 | D:1      | Reached skill level 3 in Hexes
   329 | D:1      | Reached XP level 2. HP: 16/27 MP: 3/3
   446 | D:1      | Slain by a kobold

Vault maps used:
D:1:      roderic_dead_forest

Skill      XL: |  1 |
---------------+----+-----
Hexes          | 3 |  3.2
Fighting       | |  1.3
Throwing       | |  2.1
Dodging        | |  1.9
Unarmed Combat | |  0.3
Spellcasting   | |  1.2

Action                   || total
-------------------------++-------
Melee: Club              ||    19
       Unarmed           ||    10
       Dagger            ||    26
Throw: Large rock        ||    11
       Throwing net      ||     2
 Stab: Held in net/web   ||     1
Armor: Robe              ||    28
Dodge: Dodged            ||    36

Table legend:
 A = Spawn XP
 B = Non-spawn XP
 C = Spawn XP percentage of total XP
 D = Spawn monster count
 E = Non-spawn monster count
 F = Spawn count percentage of total count
 G = Total turns spent on level
                    A         B        C        D         E        F      G
               +---------+---------+-------+---------+---------+-------+---------
         Total |       0 |      21 |   0.0 |       0 |      11 |   0.0 |   446
               +---------+---------+-------+---------+---------+-------+---------
           D:1 |       0 |      21 |   0.0 |       0 |      11 |   0.0 |   446
               +---------+---------+-------+---------+---------+-------+---------
